 Dungeon Crawl Stone Soup version 0.25-a0-834-g55863b0 (webtiles) character file.

Game seed: 6006487503594656616, levelgen mode: deterministic

78853 Fallax the Peltast (level 16, -2/126 HPs)
             Began as a Formicid Fighter on Apr 22, 2020.
             Was the Champion of the Shining One.
             Killed from afar by a raiju (12 damage)
             ... with a living lightning
             ... on level 3 of the Abyss.
             The game lasted 01:03:25 (17732 turns).

Fallax the Peltast (Formicid Fighter)              Turns: 17732, Time: 01:03:25

Health: -2/126     AC: 31    Str: 24      XL:     16   Next: 9%
Magic:  16/16      EV:  8    Int: 10      God:    the Shining One [******]
Gold:   1811       SH: 20    Dex:  5 (6)  Spells: 15/15 levels left

rFire    . . .     SeeInvis +   C - +3 eveningstar (holy)
rCold    + . .     Gourm    +   a - +0 kite shield {AC+3}
rNeg     + + +     Faith    .   U - +13 plate armour "Reemp" {rPois rC+}
rPois    +         Spirit   .   (helmet unavailable)
rElec    .         Reflect  .   h - scarf {repulsion}
rCorr    .         Harm     .   u - +0 pair of gloves
MR       +....                  K - +1 pair of boots "Yneots" {Str+2 Int+4 Stlth+}
Stlth    ..........             m - amulet of the gourmand
HPRegen  0.00/turn              t - ring of poison resistance
MPRegen  0.15/turn              (no ring)

@: divine shield, non-regenerating, mildly diseased, glowing, repel missiles
A: permanent stasis, dig shafts and tunnels, four strong arms, antennae 3,
[clumsy 2], [deformed body], [deterioration 2], [dopey 2], [weak 2], [no potion
heal 2], [subdued magic 2]
a: Dig, Shaft Self, Divine Shield, Cleansing Flame, Summon Divine Warrior,
Renounce Religion


You were on level 3 of the Abyss.
You worshipped the Shining One.
The Shining One was exalted by your worship.
You were completely stuffed.

You visited 4 branches of the dungeon, and saw 18 of its levels.
You visited the Abyss 1 time.
You also visited: Gauntlet and Ice Cave.

You collected 3063 gold pieces.
You spent 1252 gold pieces at shops.

Inventory:

Hand Weapons
 c - a +2 flail of draining
 s - a +7 great mace of protection
 C - a +3 eveningstar of holy wrath (weapon)
 S - a +2 arbalest of freezing
Missiles
 d - 16 silver javelins
 w - 2 javelins (quivered)
Armour
 a - a +0 kite shield of protection (worn)
 h - a scarf of repulsion (worn)
 u - a +0 pair of gloves (worn)
 J - the +0 pair of boots "Iplun" {rC++ Dex-5}
   (You found it on level 9 of the Dungeon)

   It affects your dexterity (-5).
   It greatly protects you from cold.
 K - the +1 pair of boots "Yneots" (worn) {Str+2 Int+4 Stlth+}
   (You found it in an ice cave)

   It affects your strength (+2).
   It affects your intelligence (+4).
   It makes you more stealthy.
 Q - a +3 ring mail of magic resistance
 U - the +13 plate armour "Reemp" (worn) {rPois rC+}
   (You bought it in a shop on level 9 of the Dungeon)

   It protects you from cold.
   It protects you from poison.
Jewellery
 b - a cursed -3 ring of intelligence {unknown}
 m - an amulet of the gourmand (around neck)
 q - a +5 ring of dexterity {unknown}
 t - a ring of poison resistance (left hand)
 y - an uncursed amulet of guardian spirit
 B - an uncursed ring of teleportation
 H - an uncursed ring of protection from fire {unknown}
 M - an uncursed ring of fire
 P - a +3 amulet of reflection {unknown}
 R - an uncursed ring of ice {unknown}
 X - a cursed -3 ring of slaying {unknown}
Wands
 g - a wand of iceblast (10)
 O - a wand of disintegration (16)
Scrolls
 v - a scroll of magic mapping
 A - 4 scrolls of identify
 D - 2 scrolls of summoning
 F - 5 scrolls of remove curse
 G - 2 scrolls of enchant weapon
 I - 3 scrolls of fog
 N - a scroll of holy word
 W - 3 scrolls of amnesia
 Z - a scroll of brand weapon
Potions
 e - 7 potions of curing
 i - 3 potions of brilliance {unknown}
 j - 5 potions of stabbing
 k - 3 potions of flight {unknown}
 l - 8 potions of lignification
 n - 4 potions of degeneration {unknown}
 p - a potion of resistance {unknown}
 r - 4 potions of berserk rage {unknown}
 x - 2 potions of ambrosia {unknown}
 z - 4 potions of haste {unknown}
 E - a potion of mutation {unknown}
 L - a potion of cancellation {unknown}
 T - a potion of might
Comestibles
 f - 38 rations
 V - 4 chunks of flesh


   Skills:
 + Level 11.4 Fighting
 + Level 15.7 Maces & Flails
 * Level 13.4 Armour
 + Level 3.5 Dodging
 + Level 0.4 Stealth
 * Level 17.1 Shields
 + Level 0.8 Unarmed Combat


You had 15 spell levels left.
You didn't know any spells.
Your spell library contained the following spells:

 Spells                   Type           Power        Failure   Level  Hunger
 Animate Skeleton         Necr           N/A          96%         1    ##.....
 Apportation              Tloc           #.....       96%         1    ##.....
 Corona                   Hex            #......      96%         1    ##.....
 Magic Dart               Conj           #...         96%         1    ##.....
 Sting                    Tmut/Pois      #...         96%         1    ##.....
 Summon Small Mammal      Summ           #...         96%         1    ##.....
 Call Imp                 Summ           #.......     99%         2    ###....
 Ensorcelled Hibernation  Hex/Ice        #.....       99%         2    ###....
 Poisonous Vapours        Pois/Air       #.....       99%         2    ###....
 Shroud of Golubria       Chrm/Tloc      #.....       99%         2    ###....
 Slow                     Hex            #.......     99%         2    ###....
 Call Canine Familiar     Summ           #.......     100%        3    ####...
 Confusing Touch          Hex            #.......     100%        3    ####...
 Conjure Flame            Conj/Fire      #.......     100%        3    ####...
 Dazzling Flash           Conj/Hex       #.....       100%        3    ####...
 Gell's Gravitas          Tloc           #.........   100%        3    ####...
 Ignite Poison            Fire/Tmut/Pois #.......     100%        3    ####...
 Inner Flame              Hex/Fire       #.......     100%        3    ####...
 Lesser Beckoning         Tloc           #.........   100%        3    ####...
 Mephitic Cloud           Conj/Pois/Air  #.......     100%        3    ####...
 Portal Projectile        Hex/Tloc       #.....       100%        3    ####...
 Summon Guardian Golem    Hex/Summ       #.......     100%        3    ####...
 Teleport Other           Tloc           #.......     100%        3    ####...
 Tukima's Dance           Hex            #.......     100%        3    ####...
 Cause Fear               Hex            #.........   100%        4    #####..
 Leda's Liquefaction      Hex/Erth       #.........   100%        4    #####..
 Olgreb's Toxic Radiance  Pois           #.......     100%        4    #####..
 Passage of Golubria      Tloc           N/A          100%        4    #####..
 Summon Ice Beast         Ice/Summ       #.......     100%        4    #####..
 Summon Lightning Spire   Summ/Air       #.......     100%        4    #####..
 Silence                  Hex/Air        #.........   100%        5    ######.
 Yara's Violent Unravell  Hex/Tmut       #.........   100%        5    ######.
 Conjure Ball Lightning   Conj/Air       #.........   100%        6    #######
 Freezing Cloud           Conj/Ice/Air   #.........   100%        6    #######
 Ring of Flames           Chrm/Fire      #.........   100%        7    #######
 Discord                  Hex            #.........   100%        8    #######
 Tornado                  Air            #.........   100%        9    #######
 Blink                    Tloc           Unusable     N/A         2    N/A

Dungeon Overview and Level Annotations

Branches:
Dungeon (15/15)            Temple (0/1) D:7            Lair (1/6) D:9
    Orc (0/2) D:9          Vaults (0/5) D:14         Depths (1/5) D:15
   Hell (visited)           IceCv (visited)         Gauntlet (visited)
    Dis: Hell:1         Geh: Hell:1         Coc: Hell:1         Tar: Hell:1

Altars:
Ashenzari
Cheibriados
Elyvilon
Gozag
Hepliaklqana
Makhleb
Nemelex Xobeh
Ru
Wu Jian
Xom
Yredelemnul
Zin
The Shining One

Shops:
D:9 [(   D:12 (   D:15 [

Portals:
Hell: Depths:1


Innate Abilities, Weirdness & Mutations

You cannot be hasted, slowed, berserked, paralysed or teleported.
You can dig through walls and to a lower floor.
Your four strong arms can wield two-handed weapons with a shield.
You have a pair of large antennae on your head. (SInv)
[You are very clumsy. (Dex -4)]
[Armour fits poorly on your strangely shaped body.]
[Your body often deteriorates upon taking damage.]
[You are very dopey. (Int -4)]
[You are very weak. (Str -4)]
[Potions are poor at restoring your health.]
[Your spells are easier to cast, but less powerful.]


Message History

The raiju bursts into living lightning!
The living lightning hits the wretched star.
The wretched star resists.
The living lightning hits you.
* * * LOW HITPOINT WARNING * * *
The raiju blinks!
You puncture the wretched star!
The wretched star is moderately damaged.
The wretched star pulses with an eldritch light!
Your connection to magic feels subdued.
Your connection to magic feels more subdued.
The raiju bites you but does no damage.
You closely miss the raiju.
The raiju is almost dead.
The wretched star pulses with an eldritch light!
You feel yourself wasting away.
You feel your body start to fall apart.
You barely miss the raiju.
The raiju is almost dead.
The raiju bursts into living lightning!
The living lightning hits you!
You die...

...## ....##
...... ##
#..#.# .#
....##
.#.#...#≈≈
##.......≈ #
#h..#.# .
#§###@##.#.#
### ..##*5..#
#..# #{#.....#
.# .
.##.{.#..#..#
.. #
#{#####..#.≈
#.##{{{.#.###.≈
..#...x#... ..
.≈≈ ≈≈ ≈
≈≈≈.....* '....
≈≈≈ ≈ .≈ ≈≈*. .
..' . ≈≈ ≈≈


You could see a wretched star, a raiju and a quasit.

Vanquished Creatures
  Frances (D:13)
  Kirke (D:13)
  A frost giant (IceCv)
  Louise (D:14)
  A stone giant (D:15)
  5 very ugly things (D:15)
  A vampire knight (D:15)
  A minotaur (Gauntlet)
  A fire dragon (D:15)
  A merfolk impaler (D:15)
  Erolcha (D:10)
  A great orb of eyes (Depths:1)
  3 ice dragons
  2 hydras
  3 rakshasas
  A centaur warrior (D:15)
  An anaconda (shapeshifter) (D:14)
  A deep troll shaman (D:15)
  4 two-headed ogres
  2 tengu warriors (D:15)
  2 deep troll earth magi (D:15)
  3 thrashing horrors (Abyss:3)
  A sun demon (D:15)
  4 skeletal warriors (D:14)
  4 starcursed masses (Abyss:3)
  A wizard (Depths:1)
  A spatial maelstrom (Abyss:3)
  7 deep trolls
  An unseen horror (shapeshifter) (D:13)
  A glowing orange brain (Abyss:3)
  A wolf spider zombie (Abyss:3)
  A harpy (shapeshifter) (Depths:1)
  6 ugly things
  5 manticores
  A wolf spider (D:15)
  A cyclops (D:11)
  2 deep elf magi
  2 large abominations (Abyss:3)
  2 centaur zombies
  Joseph (D:9)
  A guardian serpent (shapeshifter) (D:13)
  2 spiny frogs (Lair:1)
  A smoke demon (Abyss:3)
  An ice statue (IceCv)
  A gargoyle (D:14)
  A torpor snail (Gauntlet)
  A rime drake (IceCv)
  An efreet (D:13)
  3 minotaur zombies (Gauntlet)
  3 kobold demonologists
  3 yaktaurs
  3 komodo dragons
  An ice devil (D:15)
  19 polar bears (IceCv)
  A troll (D:14)
  A hornet (D:8)
  2 slime creatures (D:15)
  2 dream sheep (D:9)
  4 raiju
  A hippogriff (shapeshifter) (D:15)
  2 hippogriffs
  A shadow (D:14)
  2 water elementals (D:15)
  3 wyverns (D:11)
  A ynoxinul (Abyss:3)
  41 yaks
  2 hogs
  A steam dragon (D:11)
  3 hungry ghosts
  4 vampire mosquitoes (D:14)
  2 chaos spawn (D:11)
  3 water moccasins
  Duvessa (D:4)
  2 porcupines (Lair:1)
  3 sky beasts
  A black bear (Lair:1)
  A hornet zombie (D:8)
  An ice beast (D:6)
  10 orc warriors
  A black bear (shapeshifter) (D:13)
  A phantom (D:7)
  2 eyes of draining
  4 necrophages
  6 ogres
  20 wolves
  9 centaurs
  2 crocodiles
  9 big kobolds
  Blork the orc (D:6)
  10 bullfrogs
  Dowan (D:4)
  4 scorpions
  5 killer bees (D:12)
  2 howler monkeys (D:9)
  5 wights (D:11)
  9 crimson imps
  A quasit (D:15)
  A gnoll shaman (D:5)
  5 jellies
  5 small abominations
  8 orc priests
  6 centaur skeletons
  2 hounds
  14 orc wizards
  2 bullfrog skeletons
  4 iguanas
  A hell rat (Depths:1)
  Ijyb (D:3)
  Terence (D:3)
  A lightning spire (Gauntlet)
  14 worker ants
  A killer bee zombie (D:9)
  2 hound skeletons
  6 gnolls
  12 adders
  A howler monkey skeleton (D:5)
  3 shadow imps
  16 white imps
  An ufetubus (Abyss:3)
  An ooze (D:3)
  An adder zombie (D:5)
  2 adder skeletons
  2 worms
  7 dart slugs
  6 leopard geckos
  51 orcs
  A ball python (D:1)
  4 giant cockroaches
  7 goblins
  3 hobgoblins
  4 jackals (D:9)
  4 quokkas
  6 bats
  4 frilled lizards
  A jackal skeleton (D:8)
  38 kobolds
  A leopard gecko skeleton (D:5)
  A quokka skeleton (D:4)
  8 rats
  3 plants (D:9)
570 creatures vanquished.

Vanquished Creatures (others)
  7 yaks (IceCv)
  A hog (D:13)
  A hell rat (Hell)
  5 plants (D:9)
14 creatures vanquished.

Grand Total: 584 creatures vanquished

Notes
Turn   | Place    | Note
-------+----------+-------------------------------------------
     0 | D:1      | Fallax the Formicid Fighter began the quest for the Orb.
     0 | D:1      | Reached XP level 1. HP: 18/18 MP: 1/1
    91 | D:1      | Reached XP level 2. HP: 23/24 MP: 2/2
   297 | D:1      | Reached skill level 4 in Shields
   573 | D:1      | Reached XP level 3. HP: 22/29 MP: 3/3
   908 | D:2      | HP: 1/30 [poisoned by an adder]
  1227 | D:2      | Reached XP level 4. HP: 37/37 MP: 4/4
  1258 | D:2      | Found a white marble altar of Elyvilon.
  1259 | D:2      | Found a sparkling altar of Nemelex Xobeh.
  1266 | D:2      | Found an ornate altar of the Wu Jian Council.
  1266 | D:2      | Found a glowing golden altar of the Shining One.
  1267 | D:2      | Found a glowing silver altar of Zin.
  1268 | D:2      | Found an opulent altar of Gozag.
  1269 | D:2      | Found a basalt altar of Yredelemnul.
  1271 | D:2      | Found a burning altar of Makhleb.
  1309 | D:2      | Became a worshipper of the Shining One
  1566 | D:2      | Found a sacrificial altar of Ru.
  1567 | D:2      | Found a shimmering altar of Xom.
  1567 | D:2      | Found a snail-covered altar of Cheibriados.
  1825 | D:3      | Noticed Ijyb
  1856 | D:3      | Killed Ijyb
  1856 | D:3      | Reached XP level 5. HP: 30/42 MP: 5/5
  2172 | D:3      | Noticed Terence
  2181 | D:3      | Killed Terence
  2181 | D:3      | Reached XP level 6. HP: 48/48 MP: 6/6
  2429 | D:4      | Found a snail-covered altar of Cheibriados.
  2431 | D:4      | Noticed Duvessa
  2431 | D:4      | Noticed Dowan
  2438 | D:4      | Killed Duvessa
  2438 | D:4      | Reached skill level 1 in Dodging
  2438 | D:4      | Reached skill level 5 in Shields
  2446 | D:4      | Killed Dowan
  2446 | D:4      | Reached XP level 7. HP: 24/54 MP: 7/7
  2594 | D:4      | You fall into a shaft and drop 2 floors!
  2603 | D:5      | Entered Level 5 of the Dungeon
  3027 | D:5      | Reached * piety under the Shining One
  3330 | D:5      | Reached skill level 5 in Armour
  3394 | D:6      | Reached skill level 5 in Maces & Flails
  3394 | D:6      | Reached skill level 6 in Shields
  3427 | D:6      | Reached XP level 8. HP: 37/61 MP: 8/8
  3443 | D:6      | Noticed Blork the orc
  3460 | D:6      | Killed Blork the orc
  3788 | D:6      | Found a white marble altar of Elyvilon.
  4103 | D:6      | Reached skill level 7 in Shields
  4385 | D:7      | Reached skill level 5 in Fighting
  4385 | D:7      | Reached XP level 9. HP: 60/68 MP: 9/9
  4415 | D:7      | Got a vibrating diamond amulet
  4518 | D:7      | Found a staircase to the Ecumenical Temple.
  4664 | D:7      | Identified the amulet "Xupoa" {Inacc rC- SInv Stlth+} (You
                  | found it on level 7 of the Dungeon)
  4961 | D:8      | Reached ** piety under the Shining One
  4972 | D:8      | Reached skill level 8 in Shields
  5024 | D:8      | Noticed a hornet
  5030 | D:8      | Killed a hornet
  5639 | D:9      | Reached XP level 10. HP: 70/76 MP: 10/10
  5644 | D:9      | Reached skill level 9 in Shields
  5702 | D:9      | Noticed a two-headed ogre
  5712 | D:9      | Killed a two-headed ogre
  5716 | D:9      | Noticed a komodo dragon
  5723 | D:9      | Killed a komodo dragon
  5724 | D:9      | Found a staircase to the Lair.
  5731 | D:9      | Found a staircase to the Orcish Mines.
  5733 | D:9      | Found Meetemm's Weapon Boutique.
  5824 | D:9      | Reached skill level 10 in Shields
  5831 | D:9      | Got a pair of steaming boots
  5837 | D:9      | Identified the +0 pair of boots "Iplun" {rC++ Dex-5} (You
                  | found it on level 9 of the Dungeon)
  5917 | D:9      | Noticed a three-headed hydra
  5927 | D:9      | Killed a three-headed hydra
  5927 | D:9      | Reached XP level 11. HP: 22/83 MP: 11/11
  6286 | D:9      | Reached *** piety under the Shining One
  6290 | D:9      | Reached skill level 11 in Shields
  6391 | D:9      | Found a shattered altar of Ashenzari.
  6407 | D:9      | Found a hazy altar of Hepliaklqana.
  6448 | D:9      | Identified 2 scrolls of acquirement
  6449 | D:9      | Identified the ring of Isijagh {Wiz rPois rN+ Str+4 Dex+3}
                  | (You acquired it on level 9 of the Dungeon)
  6449 | D:9      | Identified the +0 pair of boots "Irhimungosch" {Str+2} (You
                  | acquired it on level 9 of the Dungeon)
  6528 | D:9      | Found Osuriun's Armour Shoppe.
  6681 | Lair:1   | Entered Level 1 of the Lair of Beasts
  6687 | Lair:1   | Reached skill level 10 in Maces & Flails
  6797 | Lair:1   | Found a frozen archway.
  6821 | Lair:1   | Reached **** piety under the Shining One
  6836 | IceCv    | Entered an ice cave
  7486 | IceCv    | Got a pair of heavily runed boots
  7727 | IceCv    | Reached skill level 12 in Shields
  7749 | IceCv    | Reached XP level 12. HP: 26/91 MP: 12/12
  8190 | IceCv    | Noticed a frost giant
  8203 | IceCv    | Killed a frost giant
  8203 | IceCv    | Reached skill level 10 in Armour
  8559 | Lair:1   | Reached skill level 13 in Shields
  9183 | D:9      | Noticed Joseph
  9193 | D:9      | Killed Joseph
  9213 | D:9      | Bought the +13 plate armour "Reemp" {rPois rC+} for 1252
                  | gold pieces
  9225 | D:9      | Identified the +1 pair of boots "Yneots" {Str+2 Int+4
                  | Stlth+} (You found it in an ice cave)
  9313 | D:10     | Entered Level 10 of the Dungeon
  9404 | D:10     | Noticed Erolcha
  9409 | D:10     | Killed Erolcha
  9559 | D:10     | Reached XP level 13. HP: 99/99 MP: 13/13
 10034 | D:11     | Found a gate leading to a gauntlet.
 10056 | Gauntlet | Entered a Gauntlet
 10056 | Gauntlet | Found a transporter.
 10056 | Gauntlet | Found a transporter.
 10056 | Gauntlet | Found a runed translucent gate.
 10061 | Gauntlet | Found a runed translucent gate.
 10063 | Gauntlet | Found a runed translucent gate.
 10067 | Gauntlet | Found a transporter.
 10097 | Gauntlet | Found a transporter.
 10097 | Gauntlet | Found a transporter.
 10099 | Gauntlet | Reached ***** piety under the Shining One
 10108 | Gauntlet | Found a transporter.
 10110 | Gauntlet | Noticed a death ooze
 10118 | Gauntlet | Found a transporter.
 10118 | Gauntlet | Found a transporter.
 10141 | Gauntlet | Found a transporter.
 10144 | Gauntlet | Found a runed translucent door.
 10144 | Gauntlet | Found a runed translucent door.
 10177 | Gauntlet | Found a transporter.
 10177 | Gauntlet | Noticed a ghost crab
 10221 | Gauntlet | Found a transporter.
 10236 | Gauntlet | Found a transporter.
 10494 | Gauntlet | Noticed a minotaur
 10507 | Gauntlet | Killed a minotaur
 10935 | D:11     | Found the +7 mace of Variability {chain chaos}
 10946 | D:11     | Found a shimmering altar of Xom.
 10997 | D:11     | Reached skill level 14 in Shields
 11910 | D:12     | Found Katwab's Antique Weapon Shoppe.
 12297 | D:13     | Reached ****** piety under the Shining One
 12383 | D:13     | Noticed Kirke
 12504 | D:13     | Killed Kirke
 12550 | D:13     | Noticed Frances
 12560 | D:13     | Killed Frances
 12560 | D:13     | Reached XP level 14. HP: 88/108 MP: 14/14
 13114 | D:14     | Found a gate to the Vaults.
 13117 | D:14     | Noticed Louise
 13449 | D:14     | Noticed a stone giant
 13449 | D:14     | an iron troll changed into a stone giant
 13453 | D:14     | Noticed a frost giant
 13453 | D:14     | a stone giant changed into a frost giant
 13457 | D:14     | Noticed a quicksilver dragon
 13457 | D:14     | a frost giant changed into a quicksilver dragon
 13459 | D:14     | Noticed an azure jelly
 13459 | D:14     | a quicksilver dragon changed into an azure jelly
 13464 | D:14     | Noticed a dire elephant
 13464 | D:14     | an azure jelly changed into a dire elephant
 13467 | D:14     | a dire elephant changed into a catoblepas
 13472 | D:14     | Noticed a minotaur
 13472 | D:14     | a catoblepas changed into a minotaur
 13473 | D:14     | a minotaur changed into a five-headed hydra
 13829 | D:14     | Killed Louise
 13829 | D:14     | Reached skill level 15 in Shields
 14016 | D:14     | Identified a +3 eveningstar of holy wrath (a +1 eveningstar
                  | of freezing blessed by the Shining One)
 14016 | D:14     | Received a gift from the Shining One
 14269 | D:14     | Reached skill level 10 in Fighting
 14704 | D:15     | Entered Level 15 of the Dungeon
 14937 | D:15     | Found a sacrificial altar of Ru.
 14973 | D:15     | Identified the +0 pair of boots of Greed {*Corrode Int+4
                  | Stlth+} (You acquired it on level 15 of the Dungeon)
 15357 | D:15     | Found Wawawno's Armour Shoppe.
 15421 | D:15     | Found a staircase to the Depths.
 15454 | Depths:1 | Entered Level 1 of the Depths
 15467 | Depths:1 | Noticed a purple very ugly thing
 15468 | Depths:1 | Noticed a purple very ugly thing
 15468 | Depths:1 | Noticed a stone giant
 15492 | D:15     | Reached XP level 15. HP: 51/116 MP: 15/15
 15744 | D:15     | Killed a brown very ugly thing
 16059 | Depths:1 | Noticed a stone giant
 16070 | D:15     | Killed a brown very ugly thing
 16091 | D:15     | Reached skill level 15 in Maces & Flails
 16091 | D:15     | Reached skill level 16 in Shields
 16437 | Depths:1 | Noticed a red very ugly thing
 16450 | D:15     | Killed a stone giant
 16549 | Depths:1 | Noticed a red very ugly thing
 16549 | Depths:1 | Noticed a red very ugly thing
 16557 | D:15     | Killed a red very ugly thing
 16571 | D:15     | Killed a red very ugly thing
 16651 | D:15     | Killed a red very ugly thing
 17480 | Depths:1 | Found a gateway to Hell.
 17505 | Hell     | Entered the Vestibule of Hell
 17505 | Hell     | Noticed a reaper
 17514 | Depths:1 | Cast into level 3 of the Abyss (a wizard)
 17619 | Abyss:3  | Reached skill level 17 in Shields
 17620 | Abyss:3  | Reached XP level 16. HP: 117/124 MP: 16/16
 17732 | Abyss:3  | Killed from afar by a raiju

Levels and vault maps discovered:
D:1:      nicolae_arrival_somewhat_less_tricky_arrival, layout_basic
D:2:      layout_loops_ring, grunt_temple_overflow_open, minitemple
D:3:      layout_rooms, uniq_ijyb, uniq_terence
D:4:      layout_basic, first_ration, lemuel_statue_altar, uniq_duvessa
D:5:      layout_rooms
D:6:      layout_loops_cross, basic_altar, uniq_blork_the_orc
D:7:      layout_basic, minmay_temple_entry_crystal_x
D:8:      layout_basic
D:9:      layout_irregular_city, lemuel_round_altar, ashenzari_altar_1,
          david_lair_shrubbed, orc_david_3, serial_shops,
          nicolae_shop_waterfront, hangedman_ranch [blue_anna_fruit_fields],
          grunt_ministairs_3, uniq_joseph
D:10:     layout_long_grid, uniq_erolcha
D:11:     layout_long_grid, gauntlet_entry_generic,
          minmay_guarded_unrand_variability
D:12:     layout_basic, serial_shops, shop_statue
D:13:     layout_roguey, minmay_misc_feat_encased, uniq_frances, uniq_kirke
D:14:     layout_irregular_city, david_vaults_2, minivault_11,
          wad_floor_pattern_1, uniq_louise
D:15:     hangedman_depths_entry_try_elsewhere_first, layout_irregular_city,
          serial_shops, shop, nicolae_ru_the_path_less_chosen,
          minmay_fire_ice_demons
Lair:1:   layout_regular_city, portal_ice_cave_entry_imps
Depths:1: layout_cave_pools, hell_entry, minmay_misc_feat_x, hangedman_blasphemy
Hell
Abyss:3:  base: Temple, evilmike_abyss_rune_tso_outpost

Skill      XL: |  1  2  3  4  5  6  7  8  9 10 11 12 13 14 15 |
---------------+----------------------------------------------+-----
Shields        | 4 5 6 7 8 10 12 13 14 15 17 | 17.1
Armour         | 4 5 6 7 8 9 10 11 12 13 | 13.4
Maces & Flails | 3 4 5 6 7 9 11 12 13 14 15 | 15.7
Fighting       | 4 5 6 7 8 9 10 11 | 11.4
Dodging        | 1 2 3 |  3.5
Stealth        | |  0.4
Unarmed Combat | |  0.8

Action                   |  1- 3 |  4- 6 |  7- 9 | 10-12 | 13-15 | 16-18 || total
-------------------------+-------+-------+-------+-------+-------+-------++-------
Melee: Flail             |   110 |   144 |   333 |   131 |       |       ||   718
       Great mace        |       |       |       |   327 |   473 |       ||   800
       Unarmed           |       |       |       |       |    10 |       ||    10
       Eveningstar       |       |       |       |       |   461 |    34 ||   495
Throw: Javelin           |       |       |       |       |     1 |       ||     1
Invok: Brand Weapon With |       |       |       |       |     1 |       ||     1
       Divine Shield     |       |       |       |       |       |     1 ||     1
  Use: Scroll            |       |     1 |     9 |     4 |    13 |     1 ||    28
       Potion            |       |       |       |     5 |     1 |     3 ||     9
  Eat: Chunk             |       |    13 |    22 |    20 |    32 |       ||    87
       Ration            |       |       |     1 |       |       |       ||     1
Armor: Scale mail        |    42 |     3 |       |       |       |       ||    45
       Ring mail         |       |    56 |    74 |       |       |       ||   130
       Plate armour      |       |       |    50 |   321 |   624 |    49 ||  1044
       Skin              |       |       |       |     5 |       |       ||     5
Dodge: Dodged            |    29 |    54 |   113 |   155 |   342 |    29 ||   722
       Repelled          |       |       |       |       |    15 |     1 ||    16
Block: Kite shield       |    63 |    82 |   198 |   368 |   776 |    78 ||  1565

Table legend:
 A = Non-vault XP
 B = Vault XP
 C = Vault XP percentage of total XP
 D = Non-vault monster count
 E = Vault monster count
 F = Vault count percentage of total count
                 A         B        C        D         E       F
            +---------+---------+-------+---------+---------+-------
      Total |   81304 |   31344 |  27.8 |     443 |     126 |  22.1
            +---------+---------+-------+---------+---------+-------
        D:1 |      41 |       0 |   0.0 |      22 |       0 |   0.0
        D:2 |      40 |       0 |   0.0 |      14 |       0 |   0.0
        D:3 |     149 |      72 |  32.6 |      31 |       2 |   6.1
        D:4 |      98 |     220 |  69.2 |       9 |       2 |  18.2
        D:5 |     239 |       0 |   0.0 |      11 |       0 |   0.0
        D:6 |     789 |      94 |  10.6 |      19 |       1 |   5.0
        D:7 |     656 |       0 |   0.0 |      11 |       0 |   0.0
        D:8 |     943 |       0 |   0.0 |      18 |       0 |   0.0
        D:9 |    3202 |    3590 |  52.9 |      48 |      18 |  27.3
       D:10 |    1105 |    1055 |  48.8 |      23 |       1 |   4.2
       D:11 |    7011 |     345 |   4.7 |      46 |       2 |   4.2
       D:12 |    3042 |     189 |   5.8 |      27 |       1 |   3.6
       D:13 |    3828 |    4342 |  53.1 |      20 |       5 |  20.0
       D:14 |   10406 |    2544 |  19.6 |      50 |       2 |   3.8
       D:15 |   32476 |    2970 |   8.4 |      51 |      14 |  21.5
     Lair:1 |    3400 |     123 |   3.5 |      16 |      12 |  42.9
   Depths:1 |    5436 |       0 |   0.0 |       8 |       0 |   0.0
    Abyss:3 |    8443 |       0 |   0.0 |      19 |       0 |   0.0
      IceCv |       0 |   11572 | 100.0 |       0 |      50 | 100.0
   Gauntlet |       0 |    4228 | 100.0 |       0 |      16 | 100.0
            +---------+---------+-------+---------+---------+-------
